 Dungeon Crawl Stone Soup version 0.30-a0-630-g881e3bac89 (webtiles) character file.

Game seed: 2879096894339539604

166 M4edhros the Sneak (level 5, -11/55 HPs)
             Began as an Octopode Delver on Jan 13, 2023.
             Killed by divine providence
             ... invoked by an orc priest
              (14 damage)
             ... on level 5 of the Dungeon.
             The game lasted 00:02:18 (796 turns).

M4edhros the Sneak (Octopode Delver)                 Turns: 796, Time: 00:02:19

Health: -11/55     AC: 22    Str: 12    XL:     5   Next: 47%
Magic:  5/5        EV:  2    Int: 12    God:
Gold:   16         SH:  0    Dex: 15    Spells: 4/4 levels left

rFire   . . .      SeeInvis .    a - +0 spear
rCold   + . .      Faith    .    (no shield)
rNeg    . . .      Spirit   .    (helmet currently unavailable)
rPois   +          Reflect  .    (no amulet)
rElec   .          Harm     .    k - ring of protection from cold
rCorr   .          Rampage  .    (no ring)
Will    .....      NoTele   +    (no ring)
Stlth   ++++                     (no ring)
HPRegen 0.29/turn                (no ring)
MPRegen 0.09/turn                (no ring)
                                 (no ring)
                                 (no ring)

@: tree-form (expiring)
A: stationary, stasis, torment immunity, boosted hp, almost no armour,
(amphibious), 8 rings, (camouflage 1), (gelatinous body 1), (nimble swimmer 1),
(tentacles)
a: no special abilities


You were on level 5 of the Dungeon.
You were a tree.
You visited 1 branch of the dungeon, and saw 2 of its levels.

You collected 16 gold pieces.

Inventory:

Hand Weapons
 a - a +0 spear (weapon)
Jewellery
 k - a ring of protection from cold (left branch)
Wands
 f - a wand of digging (3)
Scrolls
 b - a scroll of fog
 c - a scroll of magic mapping
 h - a scroll of enchant armour {unknown}
 i - a scroll of blinking {unknown}
Potions
 g - a potion of curing


   Skills:
 + Level 3.8 Fighting
 * Level 3.7 Polearms
 + Level 3.0 Dodging
 + Level 7.4 Stealth


You had 4 spell levels left.
You didn't know any spells.
Your spell library contained the following spells:

 Spells                   Type           Power      Damage    Failure   Level
 Blink                    Tloc           0%         N/A       45%         2
 Momentum Strike          Conj/Tloc      0%         3d8       45%         2
 Lesser Beckoning         Tloc           0%         N/A       69%         3


Dungeon Overview and Level Annotations

Branches:
Dungeon (5/15)
 Temple: D:4-7

Altars:

Annotations:
D:5 tensugalgo's ghost, amateur AtRe


Innate Abilities, Weirdness & Mutations

You are a tree.
Your roots penetrate the ground, keeping you stationary.
You cannot be teleported.
You are immune to unholy pain and torment.
Your maximum health is greatly increased.
You cannot wear most types of armour.
((You are amphibious.))
You can wear up to eight rings at the same time.
((Your skin changes colour to match your surroundings (Stealth+).))
((Your rubbery body absorbs attacks. (AC +1, EV +1)))
((You are camouflaged when in or above water. (Stealth+)))
((You have tentacles for arms and can constrict up to eight enemies at once.))


Message History

Tensugalgo's ghost is lightly damaged.
The orc priest hits you but does no damage.
Tensugalgo's ghost hits you but does no damage.
You hit tensugalgo's ghost but do no damage.
Tensugalgo's ghost is lightly damaged.
The orc priest hits you but does no damage.
Tensugalgo's ghost hits you but does no damage.
You hit tensugalgo's ghost.
Tensugalgo's ghost is moderately damaged.
You hit tensugalgo's ghost but do no damage.
Tensugalgo's ghost is moderately damaged.
Your transformation is almost over.
You feel yourself slow down.
The orc priest miscasts a cantrip.
Tensugalgo's ghost hits you but does no damage.
You hit tensugalgo's ghost but do no damage.
Tensugalgo's ghost is moderately damaged.
The orc priest hits you but does no damage.
Tensugalgo's ghost hits you but does no damage.
You hit tensugalgo's ghost but do no damage.
Tensugalgo's ghost is moderately damaged.
The orc priest hits you with a +0 club.
* * * LOW HITPOINT WARNING * * *
Tensugalgo's ghost hits you but does no damage.
You hit tensugalgo's ghost but do no damage.
Tensugalgo's ghost is moderately damaged.
You hit tensugalgo's ghost but do no damage.
Tensugalgo's ghost is moderately damaged.
The orc priest hits you but does no damage.
Tensugalgo's ghost hits you but does no damage.
You hit tensugalgo's ghost but do no damage.
Tensugalgo's ghost is moderately damaged.
The orc seems to regain its courage.
The orc priest hits you but does no damage.
Tensugalgo's ghost hits you but does no damage.
The orc hits you but does no damage.
You hit tensugalgo's ghost but do no damage.
Tensugalgo's ghost is moderately damaged.
The orc priest invokes the aid of Beogh against you.
Beogh smites you!
You die...

#.# . #..... #.# .
#..... #.#### ##....
#.#.8###### #'....
#.#..#.... 8##....
#.#..#..##..#.....
#.#..#..#8..##....
###.#..#..##..#.....
#.o♣#..#.#....######
#.#oWo.'.#...[
#.#....'.#.8._ #
#.#.#..'.#...[
#.#.#..#o#...)
#.#....#..##..
#...#..#..#8..
###.#..#..##..
#.#..#.....8


You could see an orc priest, tensugalgo's ghost and 3 orcs.

Vanquished Creatures
  2 hounds (D:5)
  2 iguanas (D:5)
  2 adders (D:5)
  3 white imps (D:5)
  A worm (D:5)
  2 orcs (D:5)
  An endoplasm (D:4)
  A giant cockroach (D:4)
  A quokka (D:5)
15 creatures vanquished.

Notes
Turn   | Place    | Note
-------+----------+-------------------------------------------
     0 | D:5      | M4edhros the Octopode Delver began the quest for the Orb.
     0 | D:5      | Reached XP level 1. HP: 16/16 MP: 1/1
    29 | D:5      | Reached XP level 2. HP: 18/21 MP: 2/2
    68 | D:5      | Reached skill level 7 in Stealth
    68 | D:5      | Reached XP level 3. HP: 5/26 MP: 3/3
   217 | D:5      | Reached XP level 4. HP: 21/31 MP: 4/4
   498 | D:5      | Reached XP level 5. HP: 22/36 MP: 5/5
   668 | D:5      | Found a runed translucent gate.
   668 | D:5      | Found a runed translucent gate.
   668 | D:5      | Found a runed translucent gate.
   668 | D:5      | Noticed tensugalgo's ghost (amateur AtRe)
   730 | D:5      | Identified the +6 hand axe of Besu {speed, *Slow Int+8}
   730 | D:5      | Identified the +3 leather armour of the Foremost Wars
                  | {Str-3 Dex+4}
   782 | D:5      | HP: 2/55 [tensugalgo's ghost (3)]
   792 | D:5      | HP: 1/55 [orc priest/+0 club (2)]
   796 | D:5      | Killed from afar by an orc priest

Illustrated notes

Levels and vault maps discovered:
D:4:      layout_rooms, minmay_unequal
D:5:      nicolae_cairo_tiling_large_dashed, layout_basic,
          biasface_ghost_orc_armoury

Skill      XL: |  1  2  3  4  5 |
---------------+----------------+-----
Stealth        | 7 |  7.4
Polearms       | 3 |  3.7
Dodging        | 3 |  3.0
Fighting       | |  3.8

Action                   |  1- 3 |  4- 6 || total
-------------------------+-------+-------++-------
Melee: Spear             |    33 |    75 ||   108
       Constrict         |     6 |     5 ||    11
       Tentacles         |     5 |     8 ||    13
       Punch             |     1 |     1 ||     2
  Use: Potion            |       |     3 ||     3
       Scroll            |       |     1 ||     1
Armor: Skin              |       |    38 ||    38
Dodge: Dodged            |    15 |    27 ||    42

Table legend: (Time is in decaauts)
 A = Elapsed time spent in this place.
 B = Non-inter-level travel time spent in this place.
 C = Inter-level travel time spent in this place.
 D = Time resting spent in this place.
 E = Time spent auto-exploring this place.
 F = Levels seen in this place.
 G = Mean time per level.
                   A        B        C        D        E       F      G
               +--------+--------+--------+--------+--------+-----+--------+
         Total |    775 |    760 |     15 |      0 |    479 |   2 |  387.5 |
       Dungeon |    775 |    760 |     15 |      0 |    479 |   2 |  387.5 |
               +--------+--------+--------+--------+--------+-----+--------+

Top non-repeatable levels by time:
     D:5: 712 daAuts
     D:4: 62 daAuts
